Map: Cyber Forest LE

Players

Smeeeger - Winner!

  • Race: Zerg Zerg
  • League: Platinum
  • Spawn Location: 11:00

Vlad

  • Race: Terran Terran
  • League: Diamond
  • Spawn Location: 5:00

VOD

Have the link to the VOD?

Description

Time

  • Played on: July 26, 2019, 10:20 a.m.
  • Length: 13:59
Show
View Real Time Build Order
Export as new Build Order

Smeeeger Zerg - Winner!

Build Orders: Hatch First 

Get SALT Encoding   

  12  0:01  Drone  
  13  0:14  Overlord  
  13  0:19  Drone  
  14  0:32  Drone x2  
  16  0:40  Drone  
  17  0:47  Drone  
  18  1:14  Drone  
  18  1:15  Drone  
  20  1:24  Hatchery  
  19  1:25  Extractor  
  19  1:28  Spawning Pool  
  19  1:29  Drone  
  19  1:30  Drone  
  19  1:41  Drone  
  20  1:53  Overlord  
  20  2:11  Drone  
  20  2:14  Queen  
  23  2:25  Metabolic Boost  
  23  2:36  Queen  
  25  2:37  Zergling x4  
  25  2:38  Zergling x4  
  29  2:48  Drone  
  29  2:49  Overlord  
  29  2:50  Queen  
  32  3:02  Drone x2  
  34  3:08  Overlord  
  34  3:11  Drone, Queen  
  36  3:48  Drone x3  
  36  3:49  Drone, Overlord x2  
  36  3:53  Hatchery  
  36  4:03  Drone x3  
  36  4:04  Drone  
  40  4:12  Roach Warren  
  40  4:14  Drone x2, Evolution Chamber  
  40  4:16  Evolution Chamber  
  39  4:23  Lair  
  39  4:32  Drone x3  
  39  4:34  Drone x3  
  39  4:36  Extractor  
  39  4:37  Extractor  
  43  4:38  Drone x2  
  43  4:43  Drone  
  43  4:44  Drone  
  47  4:47  Drone x2  
  49  5:11  Zergling x16  
  49  5:13  Drone x2  
  59  5:15  Zerg Missile Weapons Level 1  
  56  5:36  Spore Crawler  
  56  5:37  Overseer  
  53  5:46  Spore Crawler, Drone x4  
  53  5:47  Drone x2  
  57  6:03  Drone  
  57  6:04  Drone  
  53  6:15  Glial Reconstitution  
  53  6:17  Zerg Ground Armor Level 1  
  52  6:25  Drone x3  
  54  6:26  Drone x2, Queen  
  59  6:40  Drone x3  
  59  6:42  Overlord, Extractor  
  59  6:43  Overlord x2, Extractor  
  59  6:46  Roach x6  
  70  7:15  Drone  
  70  7:16  Drone x4  
  70  7:17  Drone  
  70  7:20  Overlord x2  
  70  7:21  Zergling x10  
  81  7:28  Drone, Overlord x2  
  82  7:30  Drone  
  82  7:31  Drone x2  
  85  7:48  Hatchery  
  75  8:05  Roach x7  
  81  8:06  Roach x8  
  97  8:13  Hydralisk Den  
  97  8:14  Extractor  
  95  8:20  Queen  
  95  8:21  Queen  
  95  8:22  Zerg Missile Weapons Level 2  
  95  8:23  Zerg Ground Armor Level 2  
  95  8:25  Overseer  
  95  8:27  Ravager  
  100  8:39  Ravager x4  
  100  8:40  Ravager  
  103  8:52  Spore Crawler  
  102  9:06  Drone x2  
  102  9:07  Hydralisk, Drone x9  
  102  9:08  Hydralisk x2  
  119  9:11  Muscular Augments  
  119  9:20  Overlord x3  
  119  9:21  Overlord x2  
  119  9:22  Zergling x2  
  89  9:56  Hydralisk x17  
  117  10:09  Drone x2  
  117  10:10  Hatchery, Drone  
  117  10:14  Spore Crawler, Baneling Nest  
  118  10:18  Spore Crawler  
  118  10:20  Drone x4, Overlord  
  120  10:22  Grooved Spines  
  105  10:41  Hydralisk  
  105  10:42  Hydralisk x11  
  117  10:45  Zergling x2  
  120  10:52  Infestation Pit  
  120  10:54  Drone x2  
  121  10:57  Drone x2  
  121  10:58  Drone  
  121  10:59  Extractor  
  121  11:00  Extractor  
  120  11:09  Hatchery  
  104  11:27  Zergling x40  
  124  11:36  Queen  
  124  11:38  Zerg Melee Weapons Level 1  
  126  11:41  Hive  
  126  11:45  Spire  
  91  12:18  Hydralisk  
  91  12:19  Hydralisk x20  
  91  12:20  Hydralisk  
  125  12:32  Drone x2  
  125  12:33  Drone x4  
  125  12:34  Drone x2  
  133  12:37  Drone x2  
  133  12:38  Drone x3, Overlord x2  
  133  12:39  Queen  
  140  12:45  Zergling x10  
  140  12:49  Overseer  
  145  12:52  Zergling x2  
  145  12:53  Zergling x16  
  154  13:04  Zergling x2  
  154  13:05  Zergling x26  
  155  13:20  Zergling x20  
  155  13:25  Zergling x2  
  155  13:26  Zergling x10  
Show
View Real Time Build Order
Export as new Build Order

Vlad Terran 

Build Orders: Mech 

Get SALT Encoding   

  12  0:01  SCV  
  13  0:14  Supply Depot  
  13  0:18  SCV  
  14  0:30  SCV  
  15  0:37  Barracks  
  15  0:42  SCV  
  16  0:58  Refinery  
  16  1:01  SCV  
  17  1:07  Supply Depot  
  17  1:20  SCV  
  18  1:31  Command Center  
  18  1:40  Orbital Command  
  18  1:45  Marine  
  19  1:58  Supply Depot  
  19  2:00  Refinery  
  19  2:07  SCV  
  19  2:08  Marine  
  21  2:23  SCV  
  21  2:24  Factory  
  22  2:36  Marine, SCV  
  24  2:44  Orbital Command  
  24  2:49  SCV  
  25  2:57  Marine  
  26  3:01  SCV  
  26  3:10  Hellion, Starport  
  26  3:12  SCV  
  29  3:13  SCV  
  29  3:16  Marine  
  31  3:33  Marine  
  32  3:48  SCV  
  32  3:49  Starport Tech Lab, Factory Tech Lab  
  32  3:51  Marine  
  34  3:56  Orbital Command  
  34  4:05  SCV  
  35  4:10  Cloaking Field  
  35  4:11  Banshee  
  38  4:18  Supply Depot, Engineering Bay  
  38  4:20  Reaper  
  38  4:21  Siege Tank  
  42  4:25  SCV x2  
  44  4:31  Refinery  
  44  4:37  SCV  
  44  4:38  Refinery  
  45  4:39  SCV  
  46  4:48  Armory  
  46  4:49  SCV  
  46  4:52  Marine, SCV  
  49  4:56  Banshee  
  52  5:01  SCV  
  52  5:04  SCV  
  54  5:33  Marine  
  54  6:03  Supply Depot x2, Marine, SCV  
  54  6:06  SCV  
  54  6:10  Siege Tank  
  53  6:12  Banshee  
  53  6:15  SCV  
  54  6:22  Terran Vehicle Weapons Level 1, Missile Turret  
  54  6:24  Marine, SCV  
  54  6:25  Infernal Pre-Igniter  
  56  6:27  Factory  
  56  6:34  Command Center  
  56  6:36  Missile Turret  
  56  6:37  SCV  
  56  6:38  SCV  
  58  6:44  Thor  
  58  6:45  Marine  
  65  6:49  SCV  
  65  6:50  SCV  
  65  6:52  Missile Turret  
  67  7:01  SCV  
  68  7:02  Marine, SCV  
  64  7:15  Viking  
  64  7:17  Supply Depot, Factory Reactor  
  64  7:18  Factory  
  64  7:20  Marine  
  64  7:21  SCV x2  
  69  7:25  Armory  
  69  7:33  SCV  
  70  7:38  Thor, Marine  
  70  7:42  Supply Depot  
  70  7:43  Drilling Claws  
  77  7:47  Missile Turret, Refinery  
  77  7:49  Refinery  
  76  7:53  Banshee  
  78  8:11  Supply Depot  
  78  8:13  Terran Vehicle And Ship Armor Level 1, SCV x2  
  78  8:17  Terran Ship Weapons Level 1, Marine  
  78  8:18  Factory Reactor  
  78  8:19  Hellbat x2  
  85  8:24  Siege Tank  
  85  8:25  SCV x3  
  91  8:35  Marine  
  91  8:37  SCV  
  91  8:38  Banshee  
  91  8:40  Starport  
  100  8:48  Hellbat x2  
  100  8:52  Marine, SCV x2  
  100  8:53  Planetary Fortress  
  103  9:00  Hellbat, Widow Mine  
  107  9:03  Widow Mine  
  109  9:16  Hellbat, SCV  
  109  9:19  Starport Reactor  
  109  9:21  Starport  
  109  9:33  SCV  
  109  9:35  Hellbat  
  109  9:39  Marine, SCV  
  107  9:47  Command Center  
  95  10:02  Starport Tech Lab  
  95  10:04  Supply Depot  
  95  10:10  Terran Vehicle And Ship Armor Level 2  
  95  10:14  Supply Depot  
  95  10:26  Marine, Widow Mine x2, Hellbat  
  102  10:29  Viking  
  102  10:31  Siege Tank  
  81  10:43  Marine  
  81  10:45  Viking, Hellbat  
  84  10:58  Banshee  
  84  11:03  Thor  
  85  11:12  Marine  
  79  11:24  SCV  
  78  11:27  Hellbat x4  
  78  11:30  Marine  
  87  11:35  SCV  
  87  11:36  SCV  
  87  11:41  Banshee  
  87  11:46  Siege Tank  
  93  11:48  Marine  
  93  11:49  Hellbat x3  
  100  11:57  SCV x2  
  88  12:18  Siege Tank  
  85  12:27  SCV x2  
  87  12:37  Marine  
  87  12:39  Banshee, Hellbat x4, SCV x2  
  101  12:49  Supply Depot, Banshee  
  101  12:50  Thor  
  110  13:00  Hellbat x2  
  110  13:03  SCV  
  110  13:05  Hellbat  
  117  13:06  Hellbat  
  115  13:21  Marine  
Tags
 
Composition
Mech
Matchup
TvZ
Replay Pack
SC2 replays
Spawn Locations
Cross Positions
Add a new tag
Caveats
  • Supply blocks, unpowered buildings, or Contaminate may cause inaccurate times.
  • Supply counts are checked every 10 seconds.